 Dungeon Crawl Stone Soup version 0.22.1-1-ga44c0e56f4 (webtiles) character file.

542 JustaMe the Insei (level 7, -3/43 HPs)
             Began as an Octopode Transmuter on Sept 27, 2018.
             Was a Follower of Ashenzari.
             Slain by Duvessa
             ... wielding a +0 short sword
              (11 damage)
             ... on level 5 of the Dungeon.
             The game lasted 01:02:09 (6997 turns).

JustaMe the Insei (Octopode Transmuter)             Turns: 6997, Time: 01:02:09

Health: -3/43      AC:  1    Str: 10    XL:     7   Next: 27%
Magic:  10/13      EV: 13    Int: 17    God:    Ashenzari [*.....]
Gold:   306        SH:  0    Dex: 12    Spells: 11/14 levels left

rFire    . . .     SeeInvis .     - Unarmed
rCold    . . .     Gourm    .   (no shield)
rNeg     . . .     Faith    .   (helmet restricted)
rPois    .         Spirit   .   (no amulet)
rElec    .         Reflect  .   a - ring of protection from magic
rCorr    .         Harm     .   (no ring)
MR       +....                  (no ring)
Stlth    +++.......             (no ring)
HPRegen  0.14/turn              (no ring)
MPRegen  0.13/turn              (no ring)
                                (no ring)
                                (no ring)

@: hasted, very quick
A: almost no armour, stealthy swim, amphibious, 8 rings, constrict 8, camouflage
1, gelatinous body 1
a: Curse Item, Scrying, Renounce Religion


You were on level 5 of the Dungeon.
You worshipped Ashenzari.
Ashenzari was aware of your devotion.
You were not hungry.

You visited 1 branch of the dungeon, and saw 6 of its levels.

You collected 306 gold pieces.

Inventory:

Missiles
 e - 6 javelins (quivered)
 i - 23 arrows
Jewellery
 a - a ring of protection from magic (left tentacle)
Scrolls
 b - 3 scrolls of teleportation
Potions
 d - a potion of resistance
 f - a potion of might {unknown}
 g - a potion of mutation
 j - a potion of flight
 k - 2 potions of agility
 l - a potion of curing
 m - a potion of lignification
Comestibles
 c - 11 rations


   Skills:
 * Level 1.3 Fighting
 + Level 2.3 Dodging
 + Level 2.8 Stealth
 + Level 4.6 Unarmed Combat
 + Level 4.2 Spellcasting
 * Level 4.5 Transmutations


You had 11 spell levels left.
You knew the following spells:

 Your Spells              Type           Power        Failure   Level  Hunger
a - Beastly Appendage     Tmut           ###...       2%          1    None
b - Sticks to Snakes      Tmut           ###.....     3%          2    ##.....

Your spell library contained the following spells:

 Spells                   Type           Power        Failure   Level  Hunger
 Spider Form              Tmut/Pois      ##........   19%         3    ###....
 Ice Form                 Ice/Tmut       ##......     52%         4    ####...
 Blade Hands              Tmut           ###.......   54%         5    ######.


Dungeon Overview and Level Annotations

Branches:
Dungeon (6/15)
 Temple: D:4-7

Altars:
Ashenzari
Fedhas
Kikubaaqudgha
Nemelex Xobeh
Okawaru
Ru
Trog
Uskayaw
Vehumet
Xom

Annotations:
D:4 exclusions: downstairs and ogre
D:5 2 transporters, exclusions: ice beast, upstairs and 2 more exclusions, Duvessa; Knicklaso's ghost, novice TeBe


Innate Abilities, Weirdness & Mutations

You cannot wear most types of armour.
You are very stealthy in the water. (Stealth+)
You are amphibious.
You can wear up to eight rings at the same time.
You can use your tentacles to constrict eight enemies at once.
Your skin changes colour to match your surroundings (Stealth+).
Your rubbery body absorbs attacks. (AC +1, EV +1)


Message History

You constrict Duvessa. Duvessa closely misses you.
Duvessa hits you but does no damage.
You tentacle-slap Duvessa.
You pierce Duvessa.
Duvessa is heavily wounded.
You constrict Duvessa, but do no damage.
Duvessa closely misses you.
You tentacle-slap Duvessa.
Duvessa is heavily wounded.
You constrict Duvessa. Duvessa hits you with a short sword!
You feel better.
Your tentacle spike disappears.
You constrict Duvessa. Duvessa hits you with a short sword!
Duvessa hits you with a short sword.
You tentacle-slap Duvessa.
Duvessa is severely wounded.
You constrict Duvessa. Duvessa hits you with a short sword!
* * * LOW HITPOINT WARNING * * *
You feel yourself speed up.
You constrict Duvessa. Duvessa hits you with a short sword!
You die...

.............# *,*
...........(.# *.#
.............# *.#
>............# *.#
.............# *.#
.............# *.#
..........(..# *.#
.............#####.#
...............e@..#
.............#####)#####
................e......#
#.##########.####*####.#
#.#............# #.#
#.#.########.#.# #.#
#.#.#.#[#..#.#.# #.#
....#...#..#.#.# #.#
#.###.#.#..#.#.#
#.######


You could see Duvessa (berserk).

Vanquished Creatures
  A water moccasin skeleton (D:4)
  2 scorpions (D:4)
  Dowan (D:5)
  An iguana (D:5)
  3 orc wizards (D:5)
  2 worker ants (D:4)
  A gnoll (D:4)
  4 adders
  An ooze (D:4)
  An adder skeleton (D:5)
  A worm (D:2)
  2 dart slugs (D:4)
  A leopard gecko (D:4)
  9 orcs (D:5)
  3 bats (D:1)
  3 giant cockroaches (D:1)
  3 hobgoblins
  2 jackals (D:2)
  3 quokkas
  A ball python (D:3)
  7 frilled lizards
  4 goblins
  5 kobolds
  A leopard gecko skeleton (D:4)
  5 rats
67 creatures vanquished.

Vanquished Creatures (collateral kills)
  A water moccasin skeleton (D:4)
  A worker ant (D:4)
  4 gnolls
  An adder (D:4)
  2 leopard geckos
  A ball python (D:1)
  A bat (D:2)
  3 giant cockroaches
  4 goblins
  3 hobgoblins
  A rat (D:4)
22 creatures vanquished.

Grand Total: 89 creatures vanquished

Notes
Turn   | Place    | Note
-------+----------+-------------------------------------------
     0 | D:1      | JustaMe the Octopode Transmuter began the quest for the
                  | Orb.
     0 | D:1      | Reached XP level 1. HP: 13/13 MP: 3/3
   372 | D:1      | Reached XP level 2. HP: 13/18 MP: 5/5
   448 | D:1      | Learned a level 2 spell: Sticks to Snakes
  1346 | D:1      | Reached XP level 3. HP: 7/23 MP: 0/6
  1938 | D:2      | Reached skill level 1 in Stealth
  2018 | D:2      | Found a shattered altar of Ashenzari.
  2086 | D:2      | Became a worshipper of Ashenzari the Shackled
  2222 | D:2      | Found a sacrificial altar of Ru.
  2339 | D:2      | You fall through a shaft!
  2339 | D:3      | Found a hide-covered altar of Uskayaw.
  2389 | D:3      | Found a shimmering altar of Xom.
  3597 | D:3      | Reached XP level 4. HP: 28/28 MP: 5/8
  4071 | D:4      | Reached XP level 5. HP: 19/33 MP: 4/10
  4414 | D:4      | Found a sparkling altar of Nemelex Xobeh.
  4789 | D:5      | Entered Level 5 of the Dungeon
  4789 | D:5      | Noticed an ice beast
  4856 | D:4      | Noticed an ogre
  5047 | D:4      | Reached XP level 6. HP: 37/38 MP: 3/11
  5488 | D:4      | Reached * piety under Ashenzari
  5676 | D:4      | Found a blossoming altar of Fedhas.
  5677 | D:4      | Found a radiant altar of Vehumet.
  5786 | D:5      | Found an iron altar of Okawaru.
  5913 | D:5      | Found an ancient bone altar of Kikubaaqudgha.
  5913 | D:5      | Found a bloodstained altar of Trog.
  5988 | D:5      | Noticed Duvessa
  5988 | D:5      | Noticed Dowan
  6223 | D:5      | Found a transporter.
  6225 | D:5      | Found a transporter.
  6225 | D:5      | Noticed Knicklaso's ghost (novice TeBe)
  6447 | D:5      | Reached XP level 7. HP: 34/43 MP: 13/13
  6977 | D:5      | Killed Dowan
  6997 | D:5      | Slain by Duvessa

Skill      XL: |  1  2  3  4  5  6 |
---------------+-------------------+-----
Stealth        | 1 2 |  2.8
Spellcasting   | 3 4 |  4.2
Transmutations | 3 4 |  4.5
Unarmed Combat | 4 |  4.6
Fighting       | |  1.3
Dodging        | |  2.3

Action                   |  1- 3 |  4- 6 |  7- 9 || total
-------------------------+-------+-------+-------++-------
Melee: Unarmed           |    75 |    85 |    22 ||   182
       Constrict         |    17 |    19 |     7 ||    43
       Kick              |    16 |    33 |    11 ||    60
       Tentacles         |     4 |    11 |     3 ||    18
       Punch             |     3 |     2 |     2 ||     7
Throw: Javelin           |     4 |     1 |       ||     5
 Cast: Beastly Appendage |    38 |    25 |     3 ||    66
       Sticks to Snakes  |    30 |    25 |     2 ||    57
  Use: Scroll            |     6 |     4 |       ||    10
       Potion            |       |       |     2 ||     2
 Stab: Sleeping          |     5 |     7 |     1 ||    13
       Distracted        |     1 |       |       ||     1
  Eat: Chunk             |     7 |     4 |     1 ||    12
       Ration            |     1 |     2 |       ||     3
Armor: Skin              |     9 |     2 |     1 ||    12
Dodge: Dodged            |    54 |    36 |     9 ||    99
